 Dungeon Crawl Stone Soup version 0.27.0-66-gdc8fb28755 (webtiles) character file.

Game seed: 1820678175826084458

107 Ishikawa the Gusty (level 4, -1/32 HPs)
             Began as a Gnoll Air Elementalist on Aug 20, 2021.
             Killed by their own static electricity (3 damage)
             ... on level 3 of the Dungeon.
             The game lasted 00:08:11 (2310 turns).

Ishikawa the Gusty (Gnoll Air Elementalist)         Turns: 2310, Time: 00:08:11

Health: -1/32      AC:  2    Str:  7    XL:     4   Next: 86%
Magic:  14/20      EV: 13    Int: 16    God:
Gold:   123        SH:  0    Dex: 12    Spells: 3/13 levels left

rFire    . . .     SeeInvis .   n - +3 flail (protect)
rCold    . . .     Faith    .   (no shield)
rNeg     . . .     Spirit   .   a - +0 robe
rPois    .         Reflect  .   (no helmet)
rElec    .         Harm     .   (no cloak)
rCorr    .         Rampage  .   (no gloves)
Will     .....                  (no boots)
Stlth    +++.......             (no amulet)
HPRegen  0.10/turn              f - ring of magical power
MPRegen  0.17/turn              (no ring)

@: no status effects
A: fangs 1, strong nose, distributed training
a: no special abilities


You were on level 3 of the Dungeon.
You visited 1 branch of the dungeon, and saw 3 of its levels.

You collected 123 gold pieces.

Inventory:

Hand Weapons
 g - a +0 falchion
 i - a +3 vampiric dagger
 n - a +3 flail of protection (weapon)
Armour
 a - a +0 robe (worn)
Jewellery
 f - a ring of magical power (left hand)
 j - an amulet of faith
Scrolls
 b - 2 scrolls of identify
 d - a scroll of amnesia
 k - a scroll of teleportation {unknown}
 l - 2 scrolls of noise {unknown}
 m - a scroll of fog {unknown}
Potions
 c - a potion of flight
 e - 2 potions of brilliance {unknown}
 h - a potion of lignification {unknown}
 o - a potion of degeneration {unknown}


   Skills:
 + Level 1.2 Fighting
 + Level 1.2 Short Blades
 + Level 1.2 Long Blades
 + Level 1.2 Axes
 + Level 1.2 Maces & Flails
 + Level 1.2 Polearms
 + Level 1.2 Staves
 + Level 1.2 Slings
 + Level 1.2 Bows
 + Level 1.2 Crossbows
 + Level 1.2 Throwing
 + Level 1.2 Armour
 + Level 4.7 Dodging
 + Level 4.3 Stealth
 + Level 1.2 Shields
 + Level 1.2 Unarmed Combat
 + Level 5.1 Spellcasting
 + Level 2.3 Conjurations
 + Level 1.0 Hexes
 + Level 1.0 Summonings
 + Level 1.0 Necromancy
 + Level 1.0 Translocations
 + Level 1.0 Transmutations
 + Level 1.0 Fire Magic
 + Level 1.0 Ice Magic
 + Level 5.5 Air Magic
 + Level 1.0 Earth Magic
 + Level 1.0 Poison Magic
 + Level 1.4 Invocations
 + Level 1.2 Evocations


You had 3 spell levels left.
You knew the following spells:

 Your Spells              Type           Power      Damage    Failure   Level
a - Shock                 Conj/Air       64%        1d7       3%          1
b - Static Discharge      Conj/Air       16%        N/A       4%          2
c - Swiftness             Air            21%        N/A       4%          3
d - Airstrike             Air            10%        N/A       16%         4

Your spell library contained the following spells:

 Spells                   Type           Power      Damage    Failure   Level


Dungeon Overview and Level Annotations

Branches:
Dungeon (3/15)

Altars:
Ashenzari

Shops:
D:2 *


Innate Abilities, Weirdness & Mutations

You have very sharp teeth.
Your uncanny sense of smell can sniff out nearby items.
Your experience applies equally to all skills.


Message History

You start resting.
You feel sluggish.
You start resting.
You start to feel a little faster.
You start resting.
You no longer feel sluggish.
You start resting.
Magic restored.
You start resting.
HP restored.
You climb downwards.
The gnoll hits you with a +0 club. The iguana barely misses you.
The gnoll barely misses you. The iguana bites you!
There is a stone staircase leading up, spattered with blood here.
Casting: Static Discharge (safe; 4% risk of failure)
Confirm with . or Enter, or press ? or * to list all spells.
The gnoll is struck by an arc of lightning.
The gnoll is heavily wounded.
You are struck by an arc of lightning.
The lightning grounds out.
The gnoll hits you with a +0 club!
* * * LOW HITPOINT WARNING * * *
The iguana bites you.
* * * LOW HITPOINT WARNING * * *
An endoplasm comes into view.
Casting: Static Discharge (safe; 4% risk of failure)
Confirm with . or Enter, or press ? or * to list all spells.
The gnoll is struck by an arc of lightning!
You kill the gnoll!
The lightning grounds out.
The iguana is struck by an arc of lightning.
The iguana is moderately wounded.
You are struck by an arc of lightning.
* * * LOW HITPOINT WARNING * * *
The lightning grounds out.
The iguana misses you.
Casting: Static Discharge (safe; 4% risk of failure)
Confirm with . or Enter, or press ? or * to list all spells.
The iguana is struck by an arc of lightning.
The iguana is heavily wounded.
You are struck by an arc of lightning.
You die...

#.. ........# ..#.
+.$._...+ ##+...
#....... ###....###
..l..S #........#
...g #.#......# #.'##
#.#......####...####.
#.....).l...#........
###....@.÷...J..#..##
#.......#.#.### ##
#.......#.....
#..÷....##.####
##...÷###..#
#..........
#.#÷.......#
#.#........#
#####..........


You could see an iguana and an endoplasm.

Vanquished Creatures
  3 adders
  2 gnolls
  2 dart slugs
  4 endoplasms
  2 giant cockroaches
  4 goblins
  6 hobgoblins
  6 jackals
  3 quokkas
  4 ball pythons
  6 bats
  2 frilled lizards (D:1)
  5 kobolds
  6 rats
55 creatures vanquished.

Notes
Turn   | Place    | Note
-------+----------+-------------------------------------------
     0 | D:1      | Ishikawa the Gnoll Air Elementalist began the quest for the
                  | Orb.
     0 | D:1      | Reached XP level 1. HP: 13/13 MP: 6/6
   151 | D:1      | Reached XP level 2. HP: 19/19 MP: 4/7
   247 | D:1      | Found a faded altar of an unknown god.
   636 | D:1      | Learned a level 2 spell: Static Discharge
   741 | D:1      | Reached XP level 3. HP: 24/25 MP: 9/9
   799 | D:1      | Reached skill level 5 in Spellcasting
  1382 | D:2      | Learned a level 3 spell: Swiftness
  1438 | D:2      | Reached skill level 1 in Invocations
  1457 | D:2      | Reached skill level 1 in Fighting
  1457 | D:2      | Reached skill level 1 in Short Blades
  1457 | D:2      | Reached skill level 1 in Long Blades
  1457 | D:2      | Reached skill level 1 in Axes
  1457 | D:2      | Reached skill level 1 in Maces & Flails
  1457 | D:2      | Reached skill level 1 in Polearms
  1457 | D:2      | Reached skill level 1 in Staves
  1457 | D:2      | Reached skill level 1 in Slings
  1457 | D:2      | Reached skill level 1 in Bows
  1457 | D:2      | Reached skill level 1 in Crossbows
  1457 | D:2      | Reached skill level 1 in Throwing
  1457 | D:2      | Reached skill level 1 in Armour
  1457 | D:2      | Reached skill level 1 in Shields
  1457 | D:2      | Reached skill level 1 in Unarmed Combat
  1457 | D:2      | Reached skill level 1 in Evocations
  1586 | D:2      | Reached XP level 4. HP: 29/32 MP: 11/11
  1680 | D:2      | Learned a level 4 spell: Airstrike
  1790 | D:2      | Found Moqoc's General Store.
  2061 | D:3      | Reached skill level 1 in Hexes
  2061 | D:3      | Reached skill level 1 in Summonings
  2061 | D:3      | Reached skill level 1 in Necromancy
  2061 | D:3      | Reached skill level 1 in Translocations
  2061 | D:3      | Reached skill level 1 in Transmutations
  2061 | D:3      | Reached skill level 1 in Fire Magic
  2061 | D:3      | Reached skill level 1 in Ice Magic
  2061 | D:3      | Reached skill level 1 in Earth Magic
  2061 | D:3      | Reached skill level 1 in Poison Magic
  2081 | D:3      | Found a broken altar of Ashenzari.
  2310 | D:3      | Killed from afar by themself

Illustrated notes

Levels and vault maps discovered:
D:1:      nzn_arrival_water_spiral, layout_basic, basic_ecumenical_altar,
          chequers_serial_rivers_micro_d
D:2:      layout_rooms, serial_shops, shop
D:3:      minmay_spotlight, layout_basic, grunt_gozag_breadcrumbs,
          evilmike_ruin_ashenzari, ebering_ghost_disaster_area,
          chequers_mini_garden, uniq_crazy_yiuf_cottage, uniq_terence

Skill      XL: |  1  2  3  4 |
---------------+-------------+-----
Conjurations   | 2 |  2.3
Spellcasting   | 5 |  5.1
Invocations    | 1 |  1.4
Fighting       | 1 |  1.2
Short Blades   | 1 |  1.2
Long Blades    | 1 |  1.2
Axes           | 1 |  1.2
Maces & Flails | 1 |  1.2
Polearms       | 1 |  1.2
Staves         | 1 |  1.2
Slings         | 1 |  1.2
Bows           | 1 |  1.2
Crossbows      | 1 |  1.2
Throwing       | 1 |  1.2
Armour         | 1 |  1.2
Shields        | 1 |  1.2
Unarmed Combat | 1 |  1.2
Evocations     | 1 |  1.2
Hexes          | 1 |  1.0
Summonings     | 1 |  1.0
Necromancy     | 1 |  1.0
Translocations | 1 |  1.0
Transmutations | 1 |  1.0
Fire Magic     | 1 |  1.0
Ice Magic      | 1 |  1.0
Earth Magic    | 1 |  1.0
Poison Magic   | 1 |  1.0
Dodging        | |  4.7
Stealth        | |  4.3
Air Magic      | |  5.5

Action                   |  1- 3 |  4- 6 || total
-------------------------+-------+-------++-------
Melee: Falchion          |    15 |       ||    15
       Club              |     3 |       ||     3
       Punch             |     1 |       ||     1
       Bite              |     1 |       ||     1
       Dagger            |     7 |     9 ||    16
       Flail             |       |    10 ||    10
 Cast: Shock             |    57 |     5 ||    62
       Static Discharge  |     2 |     6 ||     8
       Swiftness         |       |     2 ||     2
  Use: Scroll            |     2 |       ||     2
 Stab: Sleeping          |       |     5 ||     5
Armor: Robe              |     6 |     3 ||     9
Dodge: Dodged            |    23 |    22 ||    45
       Rpst.: Falchion   |     6 |       ||     6
